 Dungeon Crawl Stone Soup version 0.29.0-13-gc9e81de378 (webtiles) character file.

Game seed: 12976806573414785102

125 Zonian the Poker (level 4, 0/35 HPs)
             Began as a Demonspawn Gladiator on Sept 10, 2022.
             Slain by a kobold brigand
             ... wielding a +0 club
              (4 damage)
             ... on level 3 of the Dungeon.
             The game lasted 00:03:29 (3061 turns).

Zonian the Poker (Demonspawn Gladiator)             Turns: 3061, Time: 00:03:29

Health: 0/35       AC:  6    Str: 16    XL:     4   Next: 82%
Magic:  4/4        EV: 13    Int:  9    God:
Gold:   98         SH:  0    Dex: 17    Spells: 3/3 levels left

rFire   . . .      SeeInvis .   a - +0 trident
rCold   . . .      Faith    .   (no shield)
rNeg    . . .      Spirit   .   u - +1 leather armour "Yrghouhe" {rElec}
rPois   .          Reflect  .   c - +0 helmet
rElec   +          Harm     .   (no cloak)
rCorr   .          Rampage  .   n - +0 pair of gloves
Will    .....                   (no boots)
Stlth   ++........              (no amulet)
HPRegen 0.11/turn               (no ring)
MPRegen 0.09/turn               (no ring)

@: brilliant
A: hooves 1, thin skeletal structure 1
a: no special abilities


You were on level 3 of the Dungeon.
You visited 1 branch of the dungeon, and saw 3 of its levels.

You collected 98 gold pieces.

Inventory:

Hand Weapons
 a - a +0 trident (weapon)
Missiles
 e - a javelin (quivered)
 h - 5 silver javelins
 o - 7 poisoned darts
Armour
 b - a +0 leather armour
 c - a +0 helmet (worn)
 n - a +0 pair of gloves (worn)
 u - the +1 leather armour "Yrghouhe" (worn) {rElec}
   (You found it on level 2 of the Dungeon)

   rElec:     It insulates you from electricity.
Scrolls
 g - a scroll of teleportation {unknown}
 i - a scroll of noise {unknown}
 j - 4 scrolls of identify {unknown}
 k - 3 scrolls of enchant weapon {unknown}
 l - a scroll of acquirement {unknown}
 p - a scroll of butterflies {unknown}
 v - a scroll of immolation {unknown}
 w - a scroll of enchant armour {unknown}
Potions
 f - a potion of lignification {unknown}
 m - a potion of flight {unknown}
 q - a potion of magic {unknown}
 r - a potion of cancellation {unknown}
 s - a potion of haste {unknown}


   Skills:
 + Level 3.0 Fighting
 + Level 3.4 Polearms
 + Level 2.8 Throwing
 + Level 3.3 Dodging


You had 3 spell levels left.
You didn't know any spells.
Your spell library contained the following spells:

 Spells                   Type           Power      Damage    Failure   Level
 Summon Guardian Golem    Hex/Summ       0%         N/A       83%         3
 Orb of Destruction       Conj           0%         9d5       100%        7
 Spellforged Servitor     Conj/Summ      0%         N/A       100%        7


Dungeon Overview and Level Annotations

Branches:
Dungeon (3/15)

Altars:


Innate Abilities, Weirdness & Mutations

You have large cloven feet.
You have a somewhat thin skeletal structure. (Dex +2, Stealth+)


Message History

The kobold brigand barely misses you.
You hit the kobold brigand but do no damage.
The kobold brigand is severely wounded.
The kobold brigand closely misses you.
Throw: 2 throwing nets
Press: ? - help, Shift-Dir - straight line, f - kobold brigand
Aim: a kobold brigand, wielding a +0 club, wearing a +0 ring mail and quivering poisoned darts (severely wounded, 58% to hit)
You throw a throwing net.
The throwing net barely misses the kobold brigand.
The kobold brigand barely misses you.
Throw: throwing net
Press: ? - help, Shift-Dir - straight line, f/p - kobold brigand
Aim: a kobold brigand, wielding a +0 club, wearing a +0 ring mail and quivering poisoned darts (severely wounded, 58% to hit)
You throw a throwing net.
The throwing net closely misses the kobold brigand.
The kobold brigand hits you with a +0 club.
* * * LOW HITPOINT WARNING * * *
Throw: 6 javelins (silver)
Press: ? - help, Shift-Dir - straight line, f/p - kobold brigand
Aim: a kobold brigand, wielding a +0 club, wearing a +0 ring mail and quivering poisoned darts (severely wounded, 58% to hit)
You throw a silver javelin.
The silver javelin closely misses the kobold brigand.
The kobold brigand closely misses you.
You closely miss the kobold brigand.
The kobold brigand is severely wounded.
The kobold brigand hits you with a +0 club.
* * * LOW HITPOINT WARNING * * *
Unknown command.
It was a potion of brilliance.
You feel clever all of a sudden.
The kobold brigand hits you but does no damage.
Throw: 8 darts (poison)
Press: ? - help, Shift-Dir - straight line, f/p - kobold brigand
Aim: a kobold brigand, wielding a +0 club, wearing a +0 ring mail and quivering poisoned darts (severely wounded, 58% to hit)
You throw a poisoned dart.
The poisoned dart hits the kobold brigand.
The kobold brigand is poisoned.
The kobold brigand is severely wounded.
The kobold brigand hits you with a +0 club.
You die...

# ####)##....###)#
#.##..........###.###
#.....).......##.....
....#..#.......)..#.##
.#. #..#~......##.#...
##..#~~.....##.###.
#..##~~............
#..#≈~~~.......###.
#.@#≈~~~....##.#.#.
#.K#≈≈~~.#####.#.##
#..##~~...# #.....
##..#~~...# #)##..
#(.##~...# #.##..
##..#~...####.##..
..#.........##..
..#.........##..
#........###..


You could see a kobold brigand (poisoned).

Vanquished Creatures
  A kobold brigand (D:3)
  An adder (D:2)
  2 worms
  A dart slug (D:3)
  4 ball pythons
  An endoplasm (D:3)
  A goblin (D:3)
  5 hobgoblins
  4 jackals (D:1)
  2 quokkas
  4 bats
  3 frilled lizards
  10 kobolds
  6 rats
45 creatures vanquished.

Notes
Turn   | Place    | Note
-------+----------+-------------------------------------------
     0 | D:1      | Zonian the Demonspawn Gladiator began the quest for the
                  | Orb.
     0 | D:1      | Reached XP level 1. HP: 16/16 MP: 1/1
   750 | D:1      | Gained mutation: You have a somewhat thin skeletal
                  | structure. (Dex +2, Stealth+) [demonic ancestry]
   750 | D:1      | Reached XP level 2. HP: 22/22 MP: 2/2
  1327 | D:2      | Reached XP level 3. HP: 26/28 MP: 3/3
  2295 | D:2      | Identified the +1 leather armour "Yrghouhe" {rElec}
  2982 | D:3      | Noticed a kobold brigand
  2995 | D:3      | Killed a kobold brigand
  2996 | D:3      | Gained mutation: You have large cloven feet. [demonic
                  | ancestry]
  2996 | D:3      | Reached XP level 4. HP: 27/35 MP: 4/4
  3039 | D:3      | Noticed a kobold brigand
  3061 | D:3      | Slain by a kobold brigand

Illustrated notes

Levels and vault maps discovered:
D:1:      lightli_arrival_isolated_outpost, layout_basic,
          kennysheep_another_room, roderic_serpentine_path
D:2:      layout_basic, minivault_26, minmay_tromino_v4_b
D:3:      cheibrodos_thug_alley, layout_loops_cross, minmay_misc_feat_roman

Skill      XL: |  1  2  3 |
---------------+----------+-----
Throwing       | 2 |  2.8
Polearms       | 3 |  3.4
Dodging        | 3 |  3.3
Fighting       | 3 |  3.0

Action                   |  1- 3 |  4- 6 || total
-------------------------+-------+-------++-------
Melee: Trident           |   135 |    15 ||   150
       Punch             |     2 |       ||     2
       Kick              |       |     3 ||     3
Throw: Throwing net      |     1 |     2 ||     3
       Dart              |       |     1 ||     1
       Javelin           |       |     1 ||     1
  Use: Potion            |       |     1 ||     1
 Stab: Sleeping          |     7 |       ||     7
Armor: Leather armour    |    31 |     6 ||    37
Dodge: Dodged            |    50 |     7 ||    57
